 Dungeon Crawl Stone Soup version 0.28.0-43-g3370ac3207 (webtiles) character file.

Game seed: 9826736296003617723

16 cmymind4 the Vexing (level 2, 0/28 HPs)
             Began as an Ogre Arcane Marksman on Mar 14, 2022.
             Slain by a jackal (1 damage)
             ... on level 1 of the Dungeon.
             The game lasted 00:03:18 (316 turns).

cmymind4 the Vexing (Ogre Arcane Marksman)           Turns: 316, Time: 00:03:18

Health: 0/28       AC:  3    Str: 13    XL:     2   Next: 58%
Magic:  3/3        EV:  9    Int: 14    God:
Gold:   13         SH:  0    Dex:  9    Spells: 2/3 levels left

rFire   . . .      SeeInvis .   b - +0 trident
rCold   . . .      Faith    .   (no shield)
rNeg    . . .      Spirit   .   d - +0 robe
rPois   .          Reflect  .   (helmet restricted)
rElec   .          Harm     .   (no cloak)
rCorr   .          Rampage  .   (gloves unavailable)
Will    .....                   (boots unavailable)
Stlth   +.........              (no amulet)
HPRegen 0.09/turn               (no ring)
MPRegen 0.08/turn               (no ring)

@: no status effects
A: large, unfitting armour, tough skin 1
a: no special abilities


You were on level 1 of the Dungeon.
You visited 1 branch of the dungeon, and saw 1 of its levels.

You collected 13 gold pieces.

Inventory:

Hand Weapons
 a - a +0 shortbow
 b - a +0 trident (weapon)
Missiles
 c - 19 arrows
Armour
 d - a +0 robe (worn)
Scrolls
 e - a scroll of amnesia {unknown}


   Skills:
 + Level 1.7 Fighting
 + Level 0.1 Polearms
 + Level 1.7 Bows
 + Level 1.8 Dodging
 + Level 1.2 Spellcasting
 + Level 3.1 Hexes


You had 2 spell levels left.
You knew the following spells:

 Your Spells              Type           Power      Damage    Failure   Level
a - Slow                  Hex            36%        N/A       7%          1

Your spell library contained the following spells:

 Spells                   Type           Power      Damage    Failure   Level
 Inner Flame              Hex/Fire       5%         N/A       38%         3
 Portal Projectile        Hex/Tloc       10%        N/A       38%         3
 Cause Fear               Hex            4%         N/A       56%         4


Dungeon Overview and Level Annotations

Branches:
Dungeon (1/15)

Altars:


Innate Abilities, Weirdness & Mutations

You are too large for most types of armour.
You have tough skin. (AC +1)


Message History

The giant cockroach is severely wounded.
The bat closely misses you. The jackal bites you.
The giant cockroach bites you but does no damage.
The bat hits you but does no damage. The jackal bites you.
* * * LOW HITPOINT WARNING * * *
You hit the giant cockroach.
You kill the giant cockroach!
The bat hits you but does no damage.
You hit the jackal.
The jackal is severely wounded.
The jackal closely misses you.
The jackal bites you but does no damage.
You closely miss the jackal.
The jackal is severely wounded.
The jackal closely misses you.
You hit the jackal.
The jackal is almost dead.
The jackal bites you but does no damage. x2
You hit the jackal but do no damage.
The jackal is almost dead.
The jackal closely misses you.
The jackal bites you but does no damage.
You barely miss the jackal.
The jackal is almost dead.
The jackal bites you.
* * * LOW HITPOINT WARNING * * *
The jackal bites you.
* * * LOW HITPOINT WARNING * * *
You barely miss the jackal.
The jackal is almost dead.
The jackal bites you.
* * * LOW HITPOINT WARNING * * *
The jackal bites you.
* * * LOW HITPOINT WARNING * * *
You barely miss the jackal.
The jackal is almost dead.
The jackal bites you.
* * * LOW HITPOINT WARNING * * *
The jackal bites you.
You die...

#######.†....#
........#...)# ..
.....##.#....##..
.###.##.......... # ##
.?#...........#..
#..#$#.###.##.......#
.
#...†b#............##
#..###h#(#....#...## #
#)@###.####.#######
#.###.#.#...##........
#.........#.##........
####...#..............
#..................
#####.##.##........
#.##...........
##.####...†.....
#..####..####.##


You could see a jackal and a bat.

Vanquished Creatures
  2 dart slugs (D:1)
  An endoplasm (D:1)
  A giant cockroach (D:1)
  A goblin (D:1)
  2 jackals (D:1)
  A quokka (D:1)
  A ball python (D:1)
  2 frilled lizards (D:1)
  A rat (D:1)
12 creatures vanquished.

Vanquished Creatures (others)
  4 toadstools (D:1)
4 creatures vanquished.

Grand Total: 16 creatures vanquished

Notes
Turn   | Place    | Note
-------+----------+-------------------------------------------
     0 | D:1      | cmymind4 the Ogre Arcane Marksman began the quest for the
                  | Orb.
     0 | D:1      | Reached XP level 1. HP: 19/19 MP: 2/2
    37 | D:1      | Reached XP level 2. HP: 4/27 MP: 3/3
    46 | D:1      | Reached skill level 3 in Hexes
   316 | D:1      | HP: 1/28 [jackal (2)]
   316 | D:1      | Slain by a jackal

Illustrated notes

Levels and vault maps discovered:
D:1:      dpeg_arrival_simpleton_c, layout_loops_cross,
          minmay_gold_behind_fungi, hangedman_abyss_or_decor_stabs,
          grunt_decor_one_mirror, minmay_heptomino_h4

Skill      XL: |  1  2 |
---------------+-------+-----
Hexes          | 3 |  3.1
Fighting       | |  1.7
Polearms       | |  0.1
Bows           | |  1.7
Dodging        | |  1.8
Spellcasting   | |  1.2

Action                   || total
-------------------------++-------
Melee: Trident           ||    24
 Fire: Shortbow          ||     8
Armor: Robe              ||    20
Dodge: Dodged            ||    18
